 Dungeon Crawl Stone Soup version 0.30.1-4-g462c640d31 (webtiles) character file.

Game seed: 6397215429608438317

53 Almogavar the Conjurer (level 3, 0/19 HPs)
             Began as a Deep Elf Conjurer on Aug 14, 2023.
             Slain by a gnoll
             ... wielding a +0 flail
              (11 damage)
             ... on level 2 of the Dungeon.
             The game lasted 00:03:24 (1244 turns).

Almogavar the Conjurer (Deep Elf Conjurer)          Turns: 1244, Time: 00:03:24

Health: 0/19       AC:  3    Str:  4    XL:     3   Next: 64%
Magic:  10/10      EV: 12    Int: 24    God:
Gold:   17         SH:  0    Dex: 13    Spells: 6/9 levels left

rFire   . . .        c - +0 dagger
rCold   . . .        (no shield)
rNeg    . . .        a - +0 robe
rPois   .            (no helmet)
rElec   .            (no cloak)
rCorr   .            e - +0 pair of gloves
SInv    .            (no boots)
Will    .....        (no amulet)
Stlth   ++           (no ring)
HPRegen 0.23/turn    (no ring)
MPRegen 0.12/turn

%: no passive effects
@: no status effects
A: no striking features
a: no special abilities


You were on level 2 of the Dungeon.
You visited 1 branch of the dungeon, and saw 2 of its levels.

You collected 17 gold pieces.

Inventory:

Hand Weapons
 c - a +0 dagger (weapon)
Armour
 a - a +0 robe (worn)
 e - a +0 pair of gloves (worn)
Scrolls
 d - 3 scrolls of identify
 g - a scroll of noise {unknown}


   Skills:
 + Level 2.7 Dodging
 + Level 2.7 Stealth
 + Level 3.5 Spellcasting
 + Level 5.4 Conjurations


You had 6 spell levels left.
You knew the following spells:

 Your Spells              Type           Power      Damage    Failure   Level
a - Magic Dart            Conj           100%       1d8       1%          1
b - Searing Ray           Conj           60%        2d6       1%          2

Your spell library contained the following spells:

 Spells                   Type           Power      Damage    Failure   Level
 Dazzling Flash           Conj/Hex       34%        N/A       10%         3
 Fulminant Prism          Conj/Hex       8%         3d7       32%         4
 Iskenderun's Mystic Bla  Conj/Tloc      17%        2d5       32%         4


Dungeon Overview and Level Annotations

Branches:
Dungeon (2/15)

Altars:


Message History

You hit the gnoll but do no damage.
The gnoll is lightly wounded.
The gnoll misses you.
You hit the gnoll.
The gnoll is lightly wounded.
The gnoll hits you with a +0 flail!
* * * LOW HITPOINT WARNING * * *
Casting: Magic Dart (safe; 1% risk of failure)
Confirm with . or Enter, or press ? or * to list all spells.
Aiming: Magic Dart (safe; 1% risk of failure)
Press: ? - help, Shift-Dir - straight line, f/p - gnoll
Aim: a gnoll, wielding a +0 flail (lightly wounded, 100% to hit)
The magic dart hits the gnoll!
The gnoll is heavily wounded.
The gnoll misses you.
Casting: Magic Dart (safe; 1% risk of failure)
Confirm with . or Enter, or press ? or * to list all spells.
Aiming: Magic Dart (safe; 1% risk of failure)
Press: ? - help, Shift-Dir - straight line, f/p - gnoll
Aim: a gnoll, wielding a +0 flail (heavily wounded, 100% to hit)
The magic dart hits the gnoll.
The gnoll is severely wounded.
The gnoll barely misses you. The gnoll attacks as you move away!
The gnoll closely misses you.
You feel better. The gnoll barely misses you.
Casting: Magic Dart (safe; 1% risk of failure)
Confirm with . or Enter, or press ? or * to list all spells.
Aiming: Magic Dart (safe; 1% risk of failure)
Press: ? - help, Shift-Dir - straight line, f/p - gnoll
Aim: a gnoll, wielding a +0 flail (severely wounded, 100% to hit)
The magic dart hits the gnoll.
The gnoll is severely wounded.
The gnoll barely misses you. The gnoll attacks as you move away!
The gnoll closely misses you.
Found an escape hatch in the ceiling.
The gnoll attacks as you move away! The gnoll hits you with a +0 flail!
There is an escape hatch in the ceiling here.
Magic courses through your body. The gnoll hits you with a +0 flail!
Ouch! That really hurt!
You die...

#...##...##.#
#....#.##.#
#..###.##.#
##..# #.##.#
##...###.##.#
#†.#...#.##..
####)####.#.###.
#)...# #.#.#
....).#### #@#.#
..... #.g.# ....
###.# ... ### ..
.


You could see a gnoll.

Vanquished Creatures
  2 gnolls (D:2)
  A dart slug (D:1)
  3 bats (D:1)
  7 endoplasms
  3 goblins (D:1)
  3 hobgoblins (D:1)
  A quokka (D:1)
  A ball python (D:2)
  A frilled lizard (D:1)
  4 kobolds
  5 rats (D:1)
31 creatures vanquished.

Notes
Turn   | Place    | Note
-------+----------+-------------------------------------------
     0 | D:1      | Almogavar the Deep Elf Conjurer began the quest for the
                  | Orb.
     0 | D:1      | Reached XP level 1. HP: 10/10 MP: 6/6
   207 | D:1      | Reached XP level 2. HP: 15/15 MP: 5/8
   210 | D:1      | Learned a level 2 spell: Searing Ray
   347 | D:1      | Found a faded altar of an unknown god.
   373 | D:1      | Reached skill level 5 in Conjurations
   801 | D:1      | Reached XP level 3. HP: 19/19 MP: 6/9
  1244 | D:2      | Slain by a gnoll

Illustrated notes

Levels and vault maps discovered:
D:1:      roderic_dead_forest, layout_loops_ring,
          hellmonk_ecumenical_altar_inner_sanctum
D:2:      layout_rooms, basic_altar, minmay_gold_behind_fungi,
          minmay_snake_closets

Skill      XL: |  1  2 |
---------------+-------+-----
Conjurations   | 5 |  5.4
Dodging        | |  2.7
Stealth        | |  2.7
Spellcasting   | |  3.5

Action                     || total
---------------------------++-------
  Melee: Dagger            ||     4
   Cast: Magic Dart        ||    52
         Searing Ray       ||     4
    Use: Potion            ||     2
         Scroll            ||     1
 Armour: Robe              ||     2
  Dodge: Dodged            ||    14
